 Dungeon Crawl Stone Soup version 0.27.0-1-g7a089689b8 (webtiles) character file.

Game seed: 4672285862080642434

119 ZombieSheep the Ruffian (level 4, 0/37 HPs)
             Began as a Draconian Transmuter on Aug 3, 2021.
             Killed from afar by Jessica (6 damage)
             ... with a puff of flame
             ... on level 3 of the Dungeon.
             The game lasted 00:04:19 (1665 turns).

ZombieSheep the Ruffian (Draconian Transmuter)      Turns: 1665, Time: 00:04:20

Health: 0/37       AC:  5    Str: 13    XL:     4   Next: 73%
Magic:  1/7        EV: 12    Int: 14    God:
Gold:   59         SH:  0    Dex: 11    Spells: 4/8 levels left

rFire    . . .     SeeInvis .     - Unarmed
rCold    . . .     Faith    .   (no shield)
rNeg     . . .     Spirit   .   (armour unavailable)
rPois    .         Reflect  .   (helmet restricted)
rElec    .         Harm     .   (no cloak)
rCorr    .         Rampage  .   (no gloves)
Will     .....                  (no boots)
Stlth    +.........             (no amulet)
HPRegen  0.12/turn              (no ring)
MPRegen  0.10/turn              (no ring)

@: brilliant, very slightly contaminated
A: AC +5, unfitting armour, cold-blooded
a: no special abilities


You were on level 3 of the Dungeon.
You visited 1 branch of the dungeon, and saw 3 of its levels.

You collected 59 gold pieces.

Inventory:

Missiles
 c - 12 poisoned darts (quivered)


   Skills:
 + Level 2.4 Fighting
 + Level 2.5 Dodging
 + Level 3.5 Unarmed Combat
 + Level 2.6 Spellcasting
 + Level 2.7 Transmutations
 + Level 0.7 Poison Magic


You had 4 spell levels left.
You knew the following spells:

 Your Spells              Type           Power      Damage    Failure   Level
a - Beastly Appendage     Tmut           28%        N/A       7%          1
b - Spider Form           Tmut/Pois      5%         N/A       32%         3

Your spell library contained the following spells:

 Spells                   Type           Power      Damage    Failure   Level
 Wereblood                Tmut           14%        N/A       11%         2
 Freeze                   Ice            8%         1d3       22%         1
 Frozen Ramparts          Ice            4%         1d2       56%         3
 Inner Flame              Hex/Fire       2%         N/A       56%         3
 Summon Guardian Golem    Hex/Summ       2%         N/A       56%         3
 Ice Form                 Ice/Tmut       8%         N/A       77%         4
 Cause Fear               Hex            1%         N/A       92%         4
 Hailstorm                Conj/Ice       2%         3d3       92%         4
 Blade Hands              Tmut           7%         N/A       89%         5
 Irradiate                Conj/Tmut      4%         3d15      98%         5
 Dragon Form              Tmut           7%         N/A       100%        7
 Orb of Destruction       Conj           1%         N/A       100%        7
 Spellforged Servitor     Conj/Summ      1%         N/A       100%        7
 Discord                  Hex            1%         N/A       100%        8


Dungeon Overview and Level Annotations

Branches:
Dungeon (2/15)

Altars:

Annotations:
D:3 Jessica


Innate Abilities, Weirdness & Mutations

Your plain brown scales are hard. (AC +5)
You cannot fit into any form of body armour.
You are cold-blooded and may be slowed by cold attacks.


Message History

You miscast Spider Form.
You are very lightly contaminated with residual magic.
You feel rather nauseous for a moment!
You are poisoned.
You feel sick.
Casting: Spider Form (quite dangerous; 32% risk of failure)
Confirm with . or Enter, or press ? or * to list all spells.
The spell is quite dangerous to cast (32% risk of failure)!
Continue anyway?
You miscast Spider Form.
Nothing appears to happen.
You feel sick.
Casting: Spider Form (quite dangerous; 32% risk of failure)
Confirm with . or Enter, or press ? or * to list all spells.
You don't have enough magic to cast this spell.
You start resting.
You feel sick.
Jessica is nearby!
It was a potion of brilliance.
You feel clever all of a sudden.
You feel sick.
Jessica zaps a wand.
The puff of flame hits you!
* * * LOW HITPOINT WARNING * * *
It was a potion of curing.
You feel better.
Jessica zaps a wand.
The puff of flame hits you.
* * * LOW HITPOINT WARNING * * *
As you read the scroll labelled LESUEPS TEZXI, it crumbles to dust.
You feel aware of your surroundings.
You sensed 2 altars.
It was a scroll of magic mapping.
As you read the scroll labelled ZIMIEM NAEFAPS, it crumbles to dust.
It is a scroll of identify.
You don't have any unidentified items.
Throw: 13 darts (poison)
Press: ? - help, Q - select action, (/) - cycle Shift-Dir - straight line, f - Jessica
Aim: Jessica, wielding a +0 dagger, wearing a +0 robe and carrying a wand of flame (4) (56% to hit)
You throw a poisoned dart.
The poisoned dart closely misses Jessica.
Jessica hits you with a +0 dagger.
* * * LOW HITPOINT WARNING * * *
You hit Jessica but do no damage.
Your tail-slap misses Jessica.
Jessica zaps a wand.
The puff of flame misses you.
You hit Jessica.
Jessica is lightly wounded.
Jessica zaps a wand.
The puff of flame hits you.
You die...

*,,.....,...#.#*****,,,,,
*,,...[.....#.####**,,,,,
*,,.@...(#........,*,,,,,
****#.............,*,,,,,
*****#........,*,,,,,
#........,*,,,,,
#........,******
#######........,******
#....@@........,**,,,,
#.....))#######***,***
#.......# *,*,, #.......#
*,,,, #.......# ***,*
#.......# *,* #.......#
*,* #.......# *,*
#.......# *,*


You could see Jessica.

Vanquished Creatures
  A water moccasin zombie (D:3)
  2 adders (D:2)
  4 endoplasms
  A giant cockroach (D:1)
  6 goblins (D:1)
  A hobgoblin (D:1)
  8 jackals (D:1)
  A quokka (D:1)
  3 ball pythons (D:1)
  5 bats (D:1)
  2 frilled lizards
  6 kobolds
  3 rats (D:1)
43 creatures vanquished.

Notes
Turn   | Place    | Note
-------+----------+-------------------------------------------
     0 | D:1      | ZombieSheep the Draconian Transmuter began the quest for
                  | the Orb.
     0 | D:1      | Reached XP level 1. HP: 16/16 MP: 3/3
   138 | D:1      | Reached XP level 2. HP: 12/23 MP: 5/5
   803 | D:1      | Reached XP level 3. HP: 25/29 MP: 6/6
  1093 | D:1      | Found a faded altar of an unknown god.
  1509 | D:2      | Learned a level 3 spell: Spider Form
  1555 | D:2      | You fall into a shaft and drop 1 floor!
  1565 | D:3      | Reached XP level 4. HP: 29/37 MP: 5/7
  1649 | D:3      | Noticed Jessica
  1665 | D:3      | Killed from afar by Jessica

Illustrated notes

Levels and vault maps discovered:
D:1:      onia_arrival_mini_maze_b, layout_basic,
          chequers_ecumenical_altar_island, minmay_indecisive_spiral
D:2:      layout_rooms, uniq_sigmund
D:3:      layout_basic, mainiacjoe_overflow_catwalk_spiral, uniq_jessica,
          uniq_ijyb

Skill      XL: |  1  2  3 |
---------------+----------+-----
Dodging        | 2 |  2.5
Fighting       | 2 |  2.4
Unarmed Combat | |  3.5
Spellcasting   | |  2.6
Transmutations | |  2.7
Poison Magic   | |  0.7

Action                   |  1- 3 |  4- 6 || total
-------------------------+-------+-------++-------
Melee: Unarmed           |   118 |     5 ||   123
       Headbutt          |    13 |     1 ||    14
       Tailslap          |     9 |       ||     9
       Kick              |    19 |     1 ||    20
Throw: Dart              |     5 |     1 ||     6
 Cast: Beastly Appendage |    27 |     1 ||    28
  Use: Scroll            |       |     2 ||     2
       Potion            |       |     2 ||     2
 Stab: Sleeping          |     1 |       ||     1
Armor: Skin              |    48 |     3 ||    51
Dodge: Dodged            |    85 |     5 ||    90
